 Dungeon Crawl Stone Soup version 0.29.1-15-g9cfb28693d (webtiles) character file.

Game seed: 12559788536427213809

1578 croobank the Conjurer (level 8, 0/58 HPs)
             Began as a Demonspawn Conjurer on Mar 9, 2023.
             Was an Initiate of Gozag.
             Engulfed by a steam dragon's steam (1 damage)
             ... on level 6 of the Dungeon.
             The game lasted 00:20:17 (7371 turns).

croobank the Conjurer (Demonspawn Conjurer)         Turns: 7371, Time: 00:20:18

Health: 0/58       AC:  4    Str:  8    XL:     8   Next: 60%
Magic:  3/14       EV: 13    Int: 26    God:    Gozag
Gold:   603        SH:  0    Dex: 12    Spells: 5/15 levels left

rFire   . . .      SeeInvis .   a - +4 dagger "Morg" {pain, Will+ Int+5}
rCold   . . .      Faith    .   (no shield)
rNeg    . . .      Spirit   .   i - +0 robe
rPois   .          Reflect  .   (no helmet)
rElec   .          Harm     .   (no cloak)
rCorr   .          Rampage  .   (no gloves)
Will    +....                   (no boots)
Stlth   +++.......              (no amulet)
HPRegen 2.19/turn               (no ring)
MPRegen 0.14/turn               (no ring)

@: gold aura
A: slimy green scales 1, powered by death 1, spiny 1, demonic touch 2
a: Renounce Religion, Potion Petition, Call Merchant, Bribe Branch


You were on level 6 of the Dungeon.
You worshipped Gozag.
Gozag was pleased with you.
You visited 2 branches of the dungeon, and saw 7 of its levels.
You also visited: Sewer.

You collected 806 gold pieces.
You spent 120 gold pieces at shops.
You paid 83 gold pieces to Gozag.

Inventory:

Hand Weapons
 a - the +4 dagger "Morg" (weapon) {pain, Will+ Int+5}
   (You found it on level 2 of the Dungeon)

   In the hands of one skilled in necromantic magic, it inflicts extra damage on
   living creatures.
   Int:       It affects your intelligence (+5).
   Will:      It increases your willpower.
 e - a +0 falchion
 h - a +0 short sword
 r - a +2 dagger of electrocution
 u - a +4 vampiric dagger
 x - a +0 sling
 E - a +0 war axe
Missiles
 w - 5 boomerangs
 A - 13 poisoned darts
Armour
 c - a +0 ring mail
 i - a +0 robe (worn)
 v - a +1 leather armour
 F - a +3 leather armour
Jewellery
 j - a ring of protection from cold
 y - a ring of positive energy
 H - a ring of wizardry
Wands
 C - a wand of polymorph (8)
Scrolls
 g - a scroll of teleportation
 n - a scroll of noise
 s - 2 scrolls of magic mapping
 B - a scroll of identify
Potions
 b - 4 potions of magic
 d - a potion of brilliance
 k - 4 potions of mutation
 l - 2 potions of heal wounds
 m - 3 potions of resistance
 o - a potion of ambrosia
 p - 3 potions of curing
 q - a potion of might
 t - 4 potions of haste
 z - 3 potions of attraction
 D - a potion of invisibility


   Skills:
 + Level 3.3 Fighting
 + Level 4.0 Dodging
 + Level 4.4 Stealth
 + Level 4.1 Spellcasting
 + Level 5.7 Conjurations
 + Level 3.3 Hexes
 * Level 5.2 Necromancy


You had 5 spell levels left.
You knew the following spells:

 Your Spells              Type           Power      Damage    Failure   Level
a - Magic Dart            Conj           100%       1d8       1%          1
b - Searing Ray           Conj           70%        2d7       1%          2
c - Dazzling Flash        Conj/Hex       58%        N/A       3%          3
d - Iskenderun's Mystic   Conj/Tloc      20%        2d6       26%         4

Your spell library contained the following spells:

 Spells                   Type           Power      Damage    Failure   Level
 Necrotise                Necr           100%       1d9       1%          1
 Vampiric Draining        Necr           32%        2d8       3%          3
 Freeze                   Ice            20%        1d4       9%          1
 Fulminant Prism          Conj/Hex       14%        3d9       13%         4
 Frozen Ramparts          Ice            10%        1d2       26%         3
 Hailstorm                Conj/Ice       20%        3d6       26%         4
 Agony                    Necr           32%        N/A       26%         5


Dungeon Overview and Level Annotations

Branches:
Dungeon (6/15)             Temple (1/1) D:4           Sewer (visited)

Altars:
Cheibriados
Gozag
Hepliaklqana
Makhleb
Nemelex Xobeh
Wu Jian
Xom
Yredelemnul

Shops:
D:2 [   D:5 !


Innate Abilities, Weirdness & Mutations

You are partially covered in slimy green scales. (AC +2)
You regenerate a little health from kills.
You are partially covered in sharp spines.
Your touch may inflict irresistible damage on your foes.


Message History

Casting: Dazzling Flash (dangerous; 3% risk of failure)
Confirm with . or Enter, or press ? or * to list all spells.
Casting: Dazzling Flash (dangerous; 3% risk of failure)
Press: ? - help, Dir - look around, f - activate The steam dragon is dazzled.
The orc is dazzled. x2
The steam dragon breathes steam at you. The ball of steam hits you!
Casting: Dazzling Flash (dangerous; 3% risk of failure)
Confirm with . or Enter, or press ? or * to list all spells.
Aiming: Searing Ray (safe; 1% risk of failure)
Press: ? - help, Shift-Dir - straight line, f - orc
Aim: an orc, wielding a +0 club (blind, 81% to hit)
The searing ray hits the orc.
The orc is severely wounded. (Press . to maintain the ray.)
You are engulfed in a cloud of scalding steam.
The steam dragon bites you but does no damage.
The steam dragon barely misses you. The orc closely misses you.
The searing ray hits the orc!
You kill the orc!
You are engulfed in a cloud of scalding steam.
The orc is no longer distracted by gold.
The steam dragon is struck by your spines.
The steam dragon misses you. The steam dragon barely misses you.
The steam dragon breathes steam at you. The ball of steam hits you!!
* * * LOW HITPOINT WARNING * * *
The orc hits you with a +1 trident of protection!
* * * LOW HITPOINT WARNING * * *
Casting: Searing Ray (safe; 1% risk of failure)
Confirm with . or Enter, or press ? or * to list all spells.
Restarting spell: Searing Ray (safe; 1% risk of failure)
Press: ? - help, Shift-Dir - straight line, f - steam dragon
Aim: a steam dragon (lightly wounded, blind, catching its breath, 81% to hit)
The searing ray hits the steam dragon.
The steam dragon is lightly wounded. (Press . to maintain the ray.)
You are engulfed in a cloud of scalding steam.
You die...
Your body crumbles into a pile of gold.

##.......##.....##..
....#..............
#....#....#.###.#...
.... #..............
.......##.....##..
.#.#.#..$........#
#...#.#.#.$.#.#.#
........#.#.#...
#.....##$@$....#
........oD$#......
###.#....#....#.
........# ..... .
..##.... ..##. ....
..#.#. .. ...
.#.#... .#. .# .. ..
.


You could see a steam dragon (blind, catching breath) and an orc (blind).

Vanquished Creatures
  A troll (D:6)
  An ogre (D:5)
  Blork the orc (D:5)
  A necrophage (D:4)
  2 bullfrogs (Sewer)
  A scorpion (D:5)
  3 howler monkeys
  3 hounds
  4 orc priests
  5 iguanas
  Natasha (D:2)
  4 orc wizards
  9 gnolls
  8 adders
  A river rat (D:5)
  3 worms
  An adder skeleton (D:2)
  2 dart slugs (D:1)
  31 orcs
  A bat skeleton (D:2)
  A bat zombie (D:2)
  18 endoplasms
  13 giant cockroaches
  8 goblins
  6 hobgoblins
  8 jackals (D:2)
  11 quokkas
  15 ball pythons
  A ball python zombie (D:2)
  14 bats
  16 frilled lizards
  A giant cockroach zombie (D:2)
  5 kobolds
  9 rats
  A spectral ball python (D:2)
210 creatures vanquished.

Vanquished Creatures (others)
  10 withered plants (D:2)
10 creatures vanquished.

Grand Total: 220 creatures vanquished

Notes
Turn   | Place    | Note
-------+----------+-------------------------------------------
     0 | D:1      | croobank the Demonspawn Conjurer began the quest for the
                  | Orb.
     0 | D:1      | Reached XP level 1. HP: 13/13 MP: 3/3
   391 | D:1      | Gained mutation: Your touch may inflict minor irresistible
                  | damage on your foes. [demonic ancestry]
   391 | D:1      | Reached XP level 2. HP: 19/19 MP: 1/5
   394 | D:1      | Learned a level 2 spell: Searing Ray
   791 | D:1      | Found a faded altar of an unknown god.
  1010 | D:1      | Gained mutation: You regenerate a little health from kills.
                  | [demonic ancestry]
  1010 | D:1      | Reached XP level 3. HP: 20/24 MP: 6/6
  1287 | D:2      | Learned a level 3 spell: Dazzling Flash
  1658 | D:2      | Gained mutation: You are partially covered in sharp spines.
                  | [demonic ancestry]
  1658 | D:2      | Reached XP level 4. HP: 28/31 MP: 3/7
  1801 | D:2      | Found Pyahau's Armour Boutique.
  2489 | D:2      | Noticed Natasha
  2491 | D:2      | Found the +4 dagger "Morg" {pain, Will+ Int+5}
  2502 | D:2      | Killed Natasha
  2503 | D:2      | Reached skill level 1 in Hexes
  2508 | D:2      | Reached skill level 1 in Fighting
  2854 | D:3      | Gained mutation: Your touch may inflict irresistible damage
                  | on your foes. [demonic ancestry]
  2854 | D:3      | Reached XP level 5. HP: 25/37 MP: 7/9
  2864 | D:3      | Found a hazy altar of Hepliaklqana.
  2893 | D:3      | Reached skill level 1 in Necromancy
  3430 | D:3      | Found a basalt altar of Yredelemnul.
  3928 | D:3      | Gained mutation: You are partially covered in slimy green
                  | scales. (AC +2) [demonic ancestry]
  3928 | D:3      | Reached XP level 6. HP: 43/43 MP: 10/10
  4253 | D:4      | Reached skill level 5 in Conjurations
  4253 | D:4      | Reached XP level 7. HP: 46/50 MP: 5/11
  4769 | D:4      | Found a snail-covered altar of Cheibriados.
  4855 | D:4      | Found a shimmering altar of Xom.
  4964 | D:4      | Found a staircase to the Ecumenical Temple.
  4973 | Temple   | Entered the Ecumenical Temple
  4979 | Temple   | Became a worshipper of Gozag Ym Sagoz the Greedy
  5072 | D:4      | Found an ornate altar of the Wu Jian Council.
  5176 | D:5      | Entered Level 5 of the Dungeon
  5505 | D:5      | Found a glowing drain.
  5543 | D:5      | Noticed Blork the orc
  5546 | Sewer    | Entered a sewer
  5699 | Sewer    | Reached XP level 8. HP: 57/57 MP: 10/13
  6086 | D:5      | Killed Blork the orc
  6539 | D:5      | Found Gycuelye's Distillery.
  6544 | D:5      | Bought a potion of haste for 120 gold pieces
  6944 | D:5      | Found a burning altar of Makhleb.
  6945 | D:5      | Found a sparkling altar of Nemelex Xobeh.
  7149 | D:6      | Noticed a troll
  7162 | D:5      | Learned a level 4 spell: Iskenderun's Mystic Blast
  7171 | D:6      | Killed a troll
  7172 | D:6      | Reached skill level 5 in Necromancy
  7370 | D:6      | HP: 1/58 [orc/+1 trident of protection (8)]
  7371 | D:6      | Engulfed by a steam dragon's steam

Illustrated notes

Levels and vault maps discovered:
D:1:      nicolae_arrival_washed_ashore, layout_rooms,
          dreamdust_ecumenical_altar_statues
D:2:      minmay_recursive_quarters, layout_basic, serial_shops, shop,
          grunt_ministairs_13, dilly_guarded_unrand_morg
D:3:      layout_loops_ring, lemuel_doored_altar,
          mainiacjoe_overflow_cross_hatched
D:4:      layout_loops_ring, nicolae_wu_jian_immortal_techniques,
          lemuel_crystal_altar, cheibrodos_worm_habitat,
          minmay_temple_entry_antechambers, chequers_serial_rivers_large_a
D:5:      layout_basic, mainiacjoe_overflow_divided_tiny, serial_shops,
          kennysheep_little_box, portal_sewer_entry_c,
          hangedman_abyss_or_decor_stabs, roderic_batcave, uniq_blork_the_orc
D:6:      nicolae_cairo_tiling_large_dashed, layout_loops_ring,
          kennysheep_generic_room_14, uniq_pikel
Temple:   dshaligram_water_room_temple

Skill      XL: |  1  2  3  4  5  6  7  8 |
---------------+-------------------------+-----
Stealth        | 2 3 4 |  4.4
Dodging        | 2 3 4 |  4.0
Hexes          | 1 2 3 |  3.3
Fighting       | 1 2 3 |  3.3
Necromancy     | 1 2 4 5 |  5.2
Spellcasting   | 3 4 |  4.1
Conjurations   | 5 |  5.7

Action                   |  1- 3 |  4- 6 |  7- 9 || total
-------------------------+-------+-------+-------++-------
Melee: Dagger            |    44 |    72 |   121 ||   237
       Touch             |     5 |     5 |    14 ||    24
       Punch             |       |     1 |     1 ||     2
 Cast: Magic Dart        |    39 |    14 |    13 ||    66
       Searing Ray       |     7 |    24 |    19 ||    50
       Dazzling Flash    |       |     3 |     8 ||    11
       Iskenderun's Myst |       |       |     2 ||     2
  Use: Potion            |       |     1 |       ||     1
       Scroll            |       |       |    18 ||    18
 Stab: Sleeping          |     3 |     4 |     2 ||     9
       Invisible         |       |     4 |     2 ||     6
Armor: Robe              |     4 |    17 |    23 ||    44
Dodge: Dodged            |    43 |    43 |    70 ||   156
